Cogmind - Beta 14 @@@ ROGUE MODE // 2025.05.04 @ 02:28:26 Player: Niltras Result: Destroyed by H-88 Terminator with KE Penetrator Performance ------------- Evolutions (9) 4500 Regions Visited (12) 2400 Robots Destroyed (7) 35 Value Destroyed (169) 169 Prototype IDs (8) 160 Alien Tech Used (0) 0 Bonus (457) 457 TOTAL SCORE: 7721 Bonus ------- Follower Combat Kills 157 Aligned with FarCom 300 Cogmind --------- Core Integrity 0/1600 Matter 287/300 Energy 98/100 System Corruption 4% Temperature Cool (0) Movement Core (50) Location -1/Access Parts ------- > --- POWER (2) -------- (None) > --- PROPULSION (7) --- (None) > --- UTILITY (14) ----- Advanced Hacking Suite Experimental Hacking Suite Experimental Hacking Suite > --- WEAPON (2) ------- (None) > --- INVENTORY (5) ---- Compact Particle Reactor Advanced Trap Scanner Improved Transmission Jammer Peak State ------------ > --- POWER ------------ Micro Antimatter Reactor Micro Antimatter Reactor > --- PROPULSION ------- Impulse Thruster Field Propulsion Array Q-thruster Q-thruster Impulse Thruster Array > --- UTILITY ---------- Advanced Trap Scanner Machine Analyzer Hacking Suite Hacking Suite Advanced Hacking Suite Advanced Hacking Suite Advanced Hacking Suite Advanced Hacking Suite Experimental Hacking Suite Experimental Hacking Suite Improved System Shield > --- WEAPON ----------- Advanced Datajack Power Maul > --- INVENTORY -------- Compact Particle Reactor Advanced Trap Scanner Improved Transmission Jammer [Rating: 143] Favorites ----------- Power Micro Antimatter Reactor Engine Light Ion Engine Power Core Micro Nuclear Core Reactor Micro Antimatter Reactor Propulsion Impulse Thruster Leg Aluminum Leg Hover Unit Improved Hover Unit Flight Unit Impulse Thruster Utility Hacking Suite Device Improved Terrain Scanner Storage Humpback Processor Machine Analyzer Hackware Hacking Suite Weapon Power Maul Energy Gun Small Laser Ballistic Cannon Hypervelocity Mass Driver Launcher Grenade Launcher Special Weapon Remote Datajack Impact Weapon Power Maul Special Melee Weapon Advanced Datajack Build | -11 -10 -10 -10 -9 -8 -7 -6 -5 -4 -3 -2 -1 ------- Run | Yrd Mat Min Exi Min Mat Fac Fac Fac Fac Res Res Acc Slots Evolved 18 | . . . . . 4 2 2 2 2 2 2 2 Power 1 | . . . . . . 1 . . . . . . Propulsion 5 | . . . . . 2 . . 1 . 1 1 . Utility 12 | . . . . . 2 1 2 1 2 1 1 2 Weapon . | . . . . . . . . . . . . . Parts Attached 102 | 7 9 . 4 . 4 20 10 11 21 14 1 1 Power 12 | 1 . . . . . 2 1 1 4 3 . . Engine 1 | 1 . . . . . . . . . . . . Core 7 | . . . . . . 2 1 1 3 . . . Reactor 4 | . . . . . . . . . 1 3 . . Propulsion 33 | 2 2 . . . 2 5 3 5 5 8 1 . Treads . | . . . . . . . . . . . . . Leg 2 | 2 . . . . . . . . . . . . Wheel . | . . . . . . . . . . . . . Hover 5 | . 2 . . . 2 1 . . . . . . Flight 26 | . . . . . . 4 3 5 5 8 1 . Utility 37 | 2 1 . 1 . 2 8 5 5 9 3 . 1 Device 17 | 2 . . 1 . 2 3 3 2 4 . . . Storage 1 | . . . . . . 1 . . . . . . Processor 5 | . . . . . . 3 . 1 1 . . . Hackware 14 | . 1 . . . . 1 2 2 4 3 . 1 Protection . | . . . . . . . . . . . . . Artifact . | . . . . . . . . . . . . . Weapon 20 | 2 6 . 3 . . 5 1 . 3 . . . Energy Gun 6 | 2 3 . 1 . . . . . . . . . Energy Cannon . | . . . . . . . . . . . . . Ballistic Gun . | . . . . . . . . . . . . . Ballistic Cannon 1 | . . . . . . . . . 1 . . . Launcher 2 | . 2 . . . . . . . . . . . Special Weapon 3 | . 1 . . . . 2 . . . . . . Impact Weapon 4 | . . . . . . 3 1 . . . . . Slashing Weapon . | . . . . . . . . . . . . . Piercing Weapon . | . . . . . . . . . . . . . Special Melee Weapon 4 | . . . 2 . . . . . 2 . . . Unidentified Prototypes 6 | . . . . . 2 2 . . 1 1 . . Parts Lost 39 | . . 2 . . 1 2 2 6 7 1 4 14 Power 7 | . . 1 . . . . . 2 2 . . 2 Propulsion 16 | . . 1 . . 1 1 1 3 3 1 2 3 Utility 12 | . . . . . . . . 1 2 . 1 8 Weapon 4 | . . . . . . 1 1 . . . 1 1 Highest Loss Streak 14 | . . 2 . . 1 2 1 3 3 1 3 14 To Critical Strikes . | . . . . . . . . . . . . . Average Slot Usage (%) 72 | . 99 73 63 57 46 66 75 69 74 93 85 62 Core 3 | . . . . . . 4 9 4 6 . . . Reactor 2 | . . . . . . . . . 1 7 8 6 Hover 3 | . 9 14 14 14 10 6 . . . . . . Flight 14 | . . . . . . 14 21 25 18 22 20 10 Device 9 | . 23 14 14 14 18 14 12 2 5 5 4 3 Processor 4 | . . . . . . 6 9 5 5 4 4 3 Hackware 23 | . 4 14 14 14 9 12 17 23 28 40 38 34 Energy Gun 1 | . 25 28 8 . . . . . . . . . Impact Weapon 2 | . . . . . . . 1 5 5 4 4 3 Special Melee Weapon 3 | . . . 12 14 9 1 . . 2 4 3 . Peak Build Rating 143 | 9 11 11 10 10 26 46 50 65 108 137 143 117 Average Rating 63 | 5 9 9 9 9 18 34 43 49 79 127 137 106 On Entrance 44 | . 9 11 9 9 10 21 41 47 65 101 137 114 Naked Turns . | . . . . . . . . . . . . . Heaviest Build 32 | 7 9 6 3 2 3 14 18 21 32 30 23 22 Greatest Support 54 | 20 20 12 6 6 14 21 18 30 35 46 54 38 Greatest Overweight (x) 1 | . 1 . . . . . 1 . . . . . Average Overweight (x) . | . . . . . . . . . . . . . Largest Inventory Capacity 35 | 5 5 5 5 5 5 35 5 5 5 5 5 5 Average Capacity 5 | 5 5 5 5 5 5 5 5 5 5 5 5 5 Most Carried 5 | 1 4 3 5 5 5 5 5 5 5 5 5 3 Average Carried 3 | . 2 3 4 4 4 3 4 3 3 4 4 3 Final Capacity 5 | 5 5 5 5 5 5 5 5 5 5 5 5 5 Final Carried 5 | 1 3 3 5 5 5 4 4 4 4 5 3 3 Class Distribution -------------------- 25% | Hacker-Scout 24% | Wizard-Scout 10% | Hacker-Sprinter 8% | Scout 7% | Wizard-Ninja 7% | Scavenger-Mutant 6% | Scavenger-Scout 4% | Hacker-Mutant 4% | Mutant Dominant Class ---------------- Mutant | -10/Materials Mutant | -10/Mines Scavenger-Mutant | -10/Exiles Scavenger-Scout | -9/Mines Scavenger-Scout | -8/Materials Hacker-Scout | -7/Factory Hacker-Scout | -6/Factory Hacker-Sprinter | -5/Factory Hacker-Scout | -4/Factory Wizard-Scout | -3/Research Wizard-Scout | -2/Research Wizard-Scout | -1/Access Resources | -11 -10 -10 -10 -9 -8 -7 -6 -5 -4 -3 -2 -1 ----------- Run | Yrd Mat Min Exi Min Mat Fac Fac Fac Fac Res Res Acc Matter Collected 1162 | 219 137 . . 144 . 235 105 7 213 . . 102 Remotely . | . . . . . . . . . . . . . Salvage Created 103 | 28 75 . . . . . . . . . . . Parts 14 | 4 10 . . . . . . . . . . . Haulers Intercepted . | . . . . . . . . . . . . . Recyclers Shooed . | . . . . . . . . . . . . . Parts Field Recycled . | . . . . . . . . . . . . . Retrieved Matter . | . . . . . . . . . . . . . Parts Self-Destructed . | . . . . . . . . . . . . . Prevented . | . . . . . . . . . . . . . Kills | -11 -10 -10 -10 -9 -8 -7 -6 -5 -4 -3 -2 -1 ------- Run | Yrd Mat Min Exi Min Mat Fac Fac Fac Fac Res Res Acc Combat Hostiles Destroyed 3 | . 3 . . . . . . . . . . . Guns 1 | . 1 . . . . . . . . . . . AOE 2 | . 2 . . . . . . . . . . . Classes Destroyed 5 | 1 4 . . . . . . . . . . . Builder 1 | . 1 . . . . . . . . . . . Tunneler 1 | 1 . . . . . . . . . . . . Operator 1 | . 1 . . . . . . . . . . . Watcher 1 | . 1 . . . . . . . . . . . Grunt 3 | . 3 . . . . . . . . . . . Best Kill Streak 3 | 1 3 . . . . . . . . . . . Combat Bots Only 2 | . 2 . . . . . . . . . . . Max Kills in Single Turn 2 | 1 2 . . . . . . . . . . . Gunslinging . | . . . . . . . . . . . . . Exploded 1 | . 1 . . . . . . . . . . . Melee . | . . . . . . . . . . . . . Uniques/NPCs Destroyed . | . . . . . . . . . . . . . Combat | -11 -10 -10 -10 -9 -8 -7 -6 -5 -4 -3 -2 -1 -------- Run | Yrd Mat Min Exi Min Mat Fac Fac Fac Fac Res Res Acc Hostile Shots Fired 560 | . 19 6 . . 14 48 71 45 103 49 23 182 Missed 313 | . 9 2 . . 4 31 48 25 65 28 13 88 Damage Taken 4663 | . 180 53 . . 148 172 235 451 670 284 307 2163 Core 2290 | . 48 . . . 63 50 102 118 154 73 65 1617 Absorbed by Shields 29 | . . . . . . 24 . . 5 . . . Core Remaining (%) 90 | 100 . . . 80 88 92 88 88 86 94 95 . Volleys Fired 29 | 2 21 . . . . 4 2 . . . . . Largest 2 | 2 2 . . . . 1 1 . . . . . Hottest 100 | 80 100 . . . . 5 5 . . . . . Shots Fired 37 | 4 27 . . . . 4 2 . . . . . Gun 19 | 4 15 . . . . . . . . . . . Cannon . | . . . . . . . . . . . . . Launcher 11 | . 11 . . . . . . . . . . . Special 7 | . 1 . . . . 4 2 . . . . . Kinetic . | . . . . . . . . . . . . . Thermal 20 | 4 16 . . . . . . . . . . . Explosive 11 | . 11 . . . . . . . . . . . Electromagnetic . | . . . . . . . . . . . . . Robot Hit Streak 7 | 3 7 . . . . 3 5 . . . . . Robot Miss Streak 2 | . 2 . . . . 1 . . . . . . Penetration Max . | . . . . . . . . . . . . . Secondary Targets . | . . . . . . . . . . . . . Shots Hit Robots 36 | 3 16 . . 4 5 6 2 . . . . . Core Hits 13 | 1 11 . . . . . . . . . . 1 Critical Kills . | . . . . . . . . . . . . . Critical Parts Destroyed . | . . . . . . . . . . . . . Critical Strikes . | . . . . . . . . . . . . . Melee Attacks 80 | . . . . 4 7 8 7 10 19 13 9 3 Impact 66 | . . . . . . 5 7 10 19 13 9 3 Slashing . | . . . . . . . . . . . . . Piercing . | . . . . . . . . . . . . . Sneak Attacks 11 | . . . . 4 4 3 . . . . . . Combat Hostiles . | . . . . . . . . . . . . . Follow-up Attacks . | . . . . . . . . . . . . . Damage Inflicted 573 | 33 532 . . . . . . . . . . 8 Guns 155 | 33 122 . . . . . . . . . . . Cannons . | . . . . . . . . . . . . . Explosions 410 | . 410 . . . . . . . . . . . Melee . | . . . . . . . . . . . . . Ramming 8 | . . . . . . . . . . . . 8 Kinetic . | . . . . . . . . . . . . . Thermal 155 | 33 122 . . . . . . . . . . . Explosive 410 | . 410 . . . . . . . . . . . Electromagnetic . | . . . . . . . . . . . . . Impact . | . . . . . . . . . . . . . Slashing . | . . . . . . . . . . . . . Piercing . | . . . . . . . . . . . . . Highest Corruption 4 | . . . . . . 2 . . . . 1 4 Average Corruption 2 | . . . . . . 1 . . . . 1 2 Corruption Purged 2 | . . . . . . 2 . . . . . . Corruption Blocked . | . . . . . . . . . . . . . Effects 1 | . . . . . . 1 . . . . . . Heat Flow Errors 1 | . . . . . . 1 . . . . . . Overload Shots . | . . . . . . . . . . . . . Overflow Damage 11 | . 11 . . . . . . . . . . . Projectiles . | . . . . . . . . . . . . . Explosions 11 | . 11 . . . . . . . . . . . Melee . | . . . . . . . . . . . . . Knockbacks . | . . . . . . . . . . . . . Impact . | . . . . . . . . . . . . . Kinetic . | . . . . . . . . . . . . . Secondary . | . . . . . . . . . . . . . Self-Inflicted Damage 61 | . 58 . . . . . . . . . . 3 Shots 2 | . 2 . . . . . . . . . . . Rammed 3 | . . . . . . . . . . . . 3 Targets Rammed 3 | . . . . . . . . . . . . 3 Kicked . | . . . . . . . . . . . . . Crushed . | . . . . . . . . . . . . . Highest Temperature 265 | 36 138 15 . . . 259 8 13 27 265 15 . Average Temperature 67 | 20 49 15 . . . 132 8 3 17 80 2 . Received Heat Transfer 634 | . 75 48 . . 45 15 36 162 94 60 . 99 Effects 2 | . . . . . . . . . . 2 . . Energy Bleed 2 | . . . . . . . . . . 2 . . Siege Activations . | . . . . . . . . . . . . . Robots Corrupted . | . . . . . . . . . . . . . Combat Hostiles . | . . . . . . . . . . . . . Parts Fried . | . . . . . . . . . . . . . Impact Corruptions . | . . . . . . . . . . . . . Robots Melted . | . . . . . . . . . . . . . Combat Hostiles . | . . . . . . . . . . . . . Parts Melted 1 | . 1 . . . . . . . . . . . Heat Transferred 350 | 75 275 . . . . . . . . . . . Parts Sabotaged . | . . . . . . . . . . . . . Parts Stolen . | . . . . . . . . . . . . . Parts Stripped . | . . . . . . . . . . . . . Power Chain Reactions . | . . . . . . . . . . . . . Alert | -11 -10 -10 -10 -9 -8 -7 -6 -5 -4 -3 -2 -1 ------- Run | Yrd Mat Min Exi Min Mat Fac Fac Fac Fac Res Res Acc Peak Influence 524 | 5 146 66 . . 95 97 450 359 524 480 159 178 Initial 225 | . 3 56 . . . 42 30 155 42 225 126 62 Average 153 | 1 85 46 . . 26 50 220 173 279 310 66 61 Maximum Alert Level 2 | . . . . . . . 2 1 2 2 . . Low Security (%) 67 | 100 100 100 . 100 100 100 46 76 39 . 100 100 Level 1 26 | . . . . . . . 35 23 42 90 . . Level 2 5 | . . . . . . . 18 . 17 9 . . Level 3 . | . . . . . . . . . . . . . Level 4 . | . . . . . . . . . . . . . Level 5 . | . . . . . . . . . . . . . High Security . | . . . . . . . . . . . . . Max Security . | . . . . . . . . . . . . . Squads Dispatched 25 | . 1 . . . 1 4 4 4 6 3 2 . Investigation 11 | . . . . . . 1 2 3 3 2 . . Extermination 4 | . . . . . . 2 1 . 1 . . . Reinforcement 10 | . 1 . . . 1 1 1 1 2 1 2 . Assault . | . . . . . . . . . . . . . Garrison . | . . . . . . . . . . . . . Intercept . | . . . . . . . . . . . . . Searches Triggered 1 | . . . . . . . 1 . . . . . Construction Impeded . | . . . . . . . . . . . . . Haulers Reinforced . | . . . . . . . . . . . . . Active Scanning Responses . | . . . . . . . . . . . . . Cargo Convoy Interrupts . | . . . . . . . . . . . . . Stealth | -11 -10 -10 -10 -9 -8 -7 -6 -5 -4 -3 -2 -1 --------- Run | Yrd Mat Min Exi Min Mat Fac Fac Fac Fac Res Res Acc Distress Signals 15 | . 1 . . . 1 . . 2 3 4 3 1 Communications Jammed 9 | . . . . . . . . . 9 . . . Distress Signals 9 | . . . . . . . . . 9 . . . Times Spotted 176 | . 9 2 . . 6 10 20 23 48 15 14 29 Peak Tracking Total 19 | . 4 2 . . 4 4 4 10 14 7 10 19 Tactical Retreats 46 | . . 1 . . 2 4 6 9 11 9 1 3 Traps | -11 -10 -10 -10 -9 -8 -7 -6 -5 -4 -3 -2 -1 ------- Run | Yrd Mat Min Exi Min Mat Fac Fac Fac Fac Res Res Acc Traps Triggered 9 | . . . . . . 3 1 3 2 . . . Indirectly . | . . . . . . . . . . . . . Trap Hack Attempts 1 | . . . . . . . . . 1 . . . Triggered . | . . . . . . . . . . . . . Disarmed 1 | . . . . . . . . . 1 . . . Reprogrammed . | . . . . . . . . . . . . . Reused 1 | . . . . . . . 1 . . . . . Traps Reconfigurated 9 | . . . . . . 2 5 2 . . . . Traps Extracted . | . . . . . . . . . . . . . Installed . | . . . . . . . . . . . . . Triggered 1 | . . . . . . . 1 . . . . . Machines | -11 -10 -10 -10 -9 -8 -7 -6 -5 -4 -3 -2 -1 ---------- Run | Yrd Mat Min Exi Min Mat Fac Fac Fac Fac Res Res Acc Machines Disabled 1 | . 1 . . . . . . . . . . . Max in Single Turn 1 | . 1 . . . . . . . . . . . Garrison Access 3 | . . . . . . . . 1 . 2 . . Machines Repaired . | . . . . . . . . . . . . . Machines Dismantled . | . . . . . . . . . . . . . Machines Sabotaged . | . . . . . . . . . . . . . Overloaded Fab Kills . | . . . . . . . . . . . . . Hacking | -11 -10 -10 -10 -9 -8 -7 -6 -5 -4 -3 -2 -1 --------- Run | Yrd Mat Min Exi Min Mat Fac Fac Fac Fac Res Res Acc Machines Accessed 61 | . 2 . . . 2 13 6 12 10 13 2 1 Terminals 39 | . 2 . . . 2 8 3 6 7 8 2 1 Fabricators 11 | . . . . . . . 2 4 3 2 . . Repair Stations . | . . . . . . . . . . . . . Recycling Units 3 | . . . . . . 3 . . . . . . Scanalyzers 4 | . . . . . . 1 1 1 . 1 . . Garrison Access 4 | . . . . . . 1 . 1 . 2 . . Total Hacks 148 | . 5 . . . 4 22 13 32 26 27 16 3 Successful 92 | . 3 . . . 1 5 6 18 14 26 16 3 Failed 56 | . 2 . . . 3 17 7 14 12 1 . . Catastrophic 11 | . . . . . 3 6 . 1 1 . . . Database Lockouts . | . . . . . . . . . . . . . Manual 94 | . 5 . 1 . 4 14 6 17 19 15 10 3 Terminals 105 | . 5 . . . 4 14 6 18 19 20 16 3 Fabricators 25 | . . . . . . . 4 10 7 4 . . Repair Stations . | . . . . . . . . . . . . . Recycling Units 4 | . . . . . . 4 . . . . . . Scanalyzers 7 | . . . . . . 1 3 2 . 1 . . Garrison Access 7 | . . . . . . 3 . 2 . 2 . . Terminal Hacks 57 | . 3 . . . 1 2 . 8 8 16 16 3 Record 7 | . . . . . . . . 1 . 2 4 . Part Schematic 6 | . . . . . . . . 3 . 2 1 . Robot Analysis 1 | . . . . . . . . . . . 1 . Level Access Points 5 | . . . . . . . . 1 1 1 1 1 Branch Access Points 1 | . 1 . . . . . . . . . . . Terminal Index 8 | . 1 . . . 1 1 . 1 1 1 1 1 Fabricator Index 2 | . . . . . . . . . . 1 1 . Unreport Threat 4 | . 1 . . . . . . 1 1 . 1 . Locate Traps 3 | . . . . . . . . . . 1 2 . Dispatch Records 3 | . . . . . . . . . . 2 1 . Recall Investigation 6 | . . . . . . . . . 4 2 . . Recall Extermination 3 | . . . . . . 1 . 1 1 . . . Recall Reinforcements 2 | . . . . . . . . . . 1 1 . Zone Layout 6 | . . . . . . . . . . 3 2 1 Fabricator Hacks 21 | . . . . . . . 4 7 6 4 . . Load Schematic 11 | . . . . . . . 2 4 3 2 . . Build 10 | . . . . . . . 2 3 3 2 . . Repair Station Hacks . | . . . . . . . . . . . . . Recycling Unit Hacks 3 | . . . . . . 3 . . . . . . Report Inventory 3 | . . . . . . 3 . . . . . . Scanalyzer 5 | . . . . . . . 2 2 . 1 . . Insert Component 3 | . . . . . . . 1 1 . 1 . . Analyze 2 | . . . . . . . 1 1 . . . . Garrison Access Hacks 3 | . . . . . . . . 1 . 2 . . Seal Access 3 | . . . . . . . . 1 . 2 . . Unauthorized Hacks 3 | . . . . . . . . . . 3 . . Terminals 3 | . . . . . . . . . . 3 . . Assimilate 3 | . . . . . . . . . . 3 . . Fabricators . | . . . . . . . . . . . . . Repair Stations . | . . . . . . . . . . . . . Recycling Units . | . . . . . . . . . . . . . Scanalyzers . | . . . . . . . . . . . . . Garrison Access . | . . . . . . . . . . . . . Data Cores Recovered 1 | . 1 . . . . . . . . . . . Used 1 | . 1 . . . . . . . . . . . Hacking Detections 49 | . 2 . . . 2 12 4 11 8 8 1 1 Full Trace Events 11 | . . . . . . 1 2 3 3 2 . . Feedback Events . | . . . . . . . . . . . . . Feedback Blocked . | . . . . . . . . . . . . . Robot Schematics Acquired . | . . . . . . . . . . . . . Robots Built . | . . . . . . . . . . . . . Authchips . | . . . . . . . . . . . . . Time . | . . . . . . . . . . . . . Total Robot Build Rating . | . . . . . . . . . . . . . Part Schematics Acquired 8 | . . . . . . . 1 4 . 2 1 . Parts Built 10 | . . . . . . . 2 3 3 2 . . Authchips . | . . . . . . . . . . . . . Time 552 | . . . . . . . 109 103 212 128 . . Total Part Build Rating 48 | . . . . . . . 6 11 18 13 . . Parts Repaired . | . . . . . . . . . . . . . Time . | . . . . . . . . . . . . . Parts Recycled . | . . . . . . . . . . . . . Recycled Matter . | . . . . . . . . . . . . . Retrieved Matter . | . . . . . . . . . . . . . Retrieved Components . | . . . . . . . . . . . . . Parts Scanalyzed 2 | . . . . . . . 1 1 . . . . Part Schematics Acquired 2 | . . . . . . . 1 1 . . . . Parts Damaged . | . . . . . . . . . . . . . Bothacking | -11 -10 -10 -10 -9 -8 -7 -6 -5 -4 -3 -2 -1 ------------ Run | Yrd Mat Min Exi Min Mat Fac Fac Fac Fac Res Res Acc Used RIF Installer . | . . . . . . . . . . . . . Robots Hacked 12 | . . . . 2 2 6 2 . . . . . Non-combat 12 | . . . . 2 2 6 2 . . . . . Combat . | . . . . . . . . . . . . . Robot Hacks Applied 12 | . . . . 2 2 6 2 . . . . . parse_system 2 | . . . . 1 1 . . . . . . . no_distress 4 | . . . . 1 1 1 1 . . . . . find_chute 3 | . . . . . . 2 1 . . . . . find_fabricator 2 | . . . . . . 2 . . . . . . find_recycling 1 | . . . . . . 1 . . . . . . Relay Couplers Released . | . . . . . . . . . . . . . Fabnet Peak Effective % . | . . . . . . . . . . . . . Robots Rewired . | . . . . . . . . . . . . . Allies Hacked . | . . . . . . . . . . . . . Hacks Repelled . | . . . . . . . . . . . . . Allies | -11 -10 -10 -10 -9 -8 -7 -6 -5 -4 -3 -2 -1 -------- Run | Yrd Mat Min Exi Min Mat Fac Fac Fac Fac Res Res Acc Total Allies 4 | . . . . . . . 3 . . 1 . . Largest Group 3 | . . . . . . . 3 . . 1 . . Highest-Rated Group 93 | . . . . . . . 93 . . 26 . . Highest-Rated Ally 31 | . . . . . . . 31 . . 26 . . Total Orders . | . . . . . . . . . . . . . Ally Attacks 51 | . . . . . . . 51 . . . . . Total Damage 562 | . . . . . . . 562 . . . . . Kills 7 | . . . . . . . 7 . . . . . Allies Corrupted . | . . . . . . . . . . . . . Allies Melted . | . . . . . . . . . . . . . Intel | -11 -10 -10 -10 -9 -8 -7 -6 -5 -4 -3 -2 -1 ------- Run | Yrd Mat Min Exi Min Mat Fac Fac Fac Fac Res Res Acc Robot Analysis Total 1 | . . . . . . . . . . . 1 . Derelict Logs Recovered 1 | . . . . 1 . . . . . . . . Drone Launches . | . . . . . . . . . . . . . Drone Recoveries . | . . . . . . . . . . . . . Exploration | -11 -10 -10 -10 -9 -8 -7 -6 -5 -4 -3 -2 -1 ------------- Run | Yrd Mat Min Exi Min Mat Fac Fac Fac Fac Res Res Acc Turns Passed 5394 | 58 189 44 360 270 186 1079 393 527 739 853 206 490 Spaces Moved 11616 | 40 136 73 574 427 249 2696 970 1223 1852 2127 606 643 Core 146 | 9 . . . . 32 . . . . . . 105 Treads . | . . . . . . . . . . . . . Legs 96 | 31 65 . . . . . . . . . . . Wheels . | . . . . . . . . . . . . . Hover 1845 | . 71 73 574 427 217 483 . . . . . . Flight 9529 | . . . . . . 2213 970 1223 1852 2127 606 538 Fastest Speed 24 | 50 56 56 60 60 50 30 27 24 29 28 29 35 Average Speed 35 | 104 87 59 60 60 57 34 30 30 31 28 29 38 Slowest Speed 120 | 120 120 60 60 60 60 56 101 37 34 34 35 50 Overloaded Moves . | . . . . . . . . . . . . . Propulsion Burnouts . | . . . . . . . . . . . . . Robots Hopped 144 | . . . . . . 23 8 25 24 36 18 10 Cave-ins Triggered . | . . . . . . . . . . . . . Exploration Rate (%) 38 | 3 40 23 92 80 31 65 24 33 41 42 15 16 Regions Visited 12 Branch Regions 3 Pre-discovered Areas 1 | . . . . 1 . . . . . . . . Known Exits Taken 5 | . 1 . . . . . . 1 1 1 1 . Unknown Exits Taken 7 | 1 . 1 1 1 1 1 1 . . . . . Scrap Searched 3 | . . . . 3 . . . . . . . . Spaces Dug 67 | . 1 . . . . 5 7 10 19 13 9 3 Terrain Destroyed 128 | . 62 . . . . 5 7 10 19 13 9 3 Melee 66 | . . . . . . 5 7 10 19 13 9 3 Projectile 1 | . 1 . . . . . . . . . . . AOE 61 | . 61 . . . . . . . . . . . Terrain Rammed . | . . . . . . . . . . . . . Walls Destroyed . | . . . . . . . . . . . . . Machines Disabled . | . . . . . . . . . . . . . Actions | -11 -10 -10 -10 -9 -8 -7 -6 -5 -4 -3 -2 -1 --------- Run | Yrd Mat Min Exi Min Mat Fac Fac Fac Fac Res Res Acc Total 12521 | 49 174 72 589 438 288 2808 1044 1335 1949 2305 598 872 Wait 698 | . 3 . . 6 25 73 58 93 41 166 1 232 Move 11334 | 39 135 72 573 426 248 2650 953 1174 1810 2060 571 623 Hop 126 | . . . . . . 22 8 23 17 30 16 10 Pick Up 33 | 1 3 . 2 1 2 3 1 6 5 9 . . Fast Attach 52 | 7 2 . . . 2 12 4 5 12 7 . 1 Attach 36 | . 1 . 1 . 2 8 4 5 8 6 1 . Detach 20 | . . . 1 . 1 8 3 1 4 2 . . Swap 14 | . 6 . 3 . . . 2 1 1 1 . . Drop 37 | . 3 . 2 1 1 6 2 4 7 11 . . Fire 29 | 2 21 . . . . 4 2 . . . . . Melee 80 | . . . . 4 7 8 7 10 19 13 9 3 Ram 3 | . . . . . . . . . . . . 3 Kick . | . . . . . . . . . . . . . Crush . | . . . . . . . . . . . . . Escape Stasis 51 | . . . . . . 14 . 13 24 . . . Rewire 7 | . . . 7 . . . . . . . . . Trap 1 | . . . . . . . . . 1 . . . Miscellaneous . | . . . . . . . . . . . . . Route ------- -11/Scrapyard -10/Materials (discovered 2 exits: [*Mat] / *Min) -10/Mines -10/Exiles (discovered 2 exits: [*Min x2]) -9/Mines -8/Materials -7/Factory (discovered 4 exits: *Fac x2 / [*Sto] / [*Low]) -6/Factory (discovered 3 exits: *Fac x2 / [*Low]) -5/Factory (discovered 4 exits: *Fac x4) -4/Factory (discovered 4 exits: *Res x4) -3/Research (discovered 5 exits: *Res x3 / [*Arm] / [Qua]) -2/Research (discovered 3 exits: *Acc x3) -1/Access (discovered 1 exit: Sur) History --------- Turn | Location | Event 5 | -11/Scrapyard | Discovered new exit (range 16) 59 | -11/Scrapyard | Entered Materials 173 | -10/Materials | Discovered new exit (range 13) 188 | -10/Materials | Identified exit to Mines 248 | -10/Materials | Entered Mines 289 | -10/Mines | Deemed a non-threat by the Exiles lab entrance 289 | -10/Mines | Discovered new exit (range 5) 292 | -10/Mines | Entered Exiles 300 | -10/Exiles | Discovered new exit (range 15) 315 | -10/Exiles | Met 8R-AWN 325 | -10/Exiles | Met EX-HEX 362 | -10/Exiles | Met EX-BIN 370 | -10/Exiles | Aligned with FarCom system 371 | -10/Exiles | Given EX-Vault access code 390 | -10/Exiles | Opened EX-Vault 397 | -10/Exiles | Found Prototype Device 409 | -10/Exiles | Warned to stay clear of 0b10 Research branches 427 | -10/Exiles | Met EX-DEC 475 | -10/Exiles | Discovered new exit (range 10) 520 | -10/Exiles | Visited The Gauntlet 635 | -10/Exiles | Build established: Scavenger-Mutant 652 | -10/Exiles | Left Exiles lab with Trap Reconfigurator 652 | -10/Exiles | Entered Mines 767 | -9/Mines | Found a damaged Exp. Sensor Array with a note attached 769 | -9/Mines | Found Prototype Device 903 | -9/Mines | Discovered new exit (range 10) 919 | -9/Mines | Received a Rocket Launcher from a helpful Derelict 922 | -9/Mines | Entered Materials 922 | -8/Materials | Evolved 4 slots: Propulsion x2, Utility x2 922 | -8/Materials | Identified Exp. Sensor Array 923 | -8/Materials | Identified Trap Reconfigurator 954 | -8/Materials | Build established: Scavenger-Scout 1102 | -8/Materials | Discovered new exit (range 12) 1108 | -8/Materials | Entered Factory 1108 | -7/Factory | Evolved 2 slots: Power x1, Utility x1 1311 | -7/Factory | Build established: Scout 1722 | -7/Factory | Discovered new exit (range 9) 1751 | -7/Factory | Build established: Hacker-Scout 1751 | -7/Factory | Discovered new exit (range 9) 2048 | -7/Factory | Discovered new exit (range 4) 2186 | -7/Factory | Discovered new exit (range 3) 2187 | -7/Factory | Entered another Factory area 2187 | -6/Factory | Evolved 2 slots: Utility x2 2311 | -6/Factory | Discovered new exit (range 15) 2318 | -6/Factory | Allied Derelicts emerged from ambush trap array 2454 | -6/Factory | Discovered new exit (range 7) 2486 | -6/Factory | Fabricated Hacking Suite? 2537 | -6/Factory | Search patrols dispatched 2561 | -6/Factory | Discovered new exit (range 12) 2571 | -6/Factory | Fabricated Hacking Suite? 2580 | -6/Factory | Entered another Factory area 2580 | -5/Factory | Evolved 2 slots: Propulsion x1, Utility x1 2841 | -5/Factory | Fabricated Hacking Suite? 2853 | -5/Factory | Fabricated Hacking Suite? 2854 | -5/Factory | Lost 3 parts (1p2n) 2984 | -5/Factory | Fabricated Imp. System Shield? 3021 | -5/Factory | Identified exit to Factory 3107 | -5/Factory | Entered another Factory area 3107 | -4/Factory | Evolved 2 slots: Utility x2 3250 | -4/Factory | Fabricated Adv. Hacking Suite? 3286 | -4/Factory | Identified exit to Research 3333 | -4/Factory | Lost 3 parts (2n1u) 3373 | -4/Factory | Fabricated Adv. Hacking Suite? 3718 | -4/Factory | Spotted B-86 Titan 3726 | -4/Factory | Fabricated Adv. Hacking Suite? 3801 | -4/Factory | Found Prototype Hackware 3801 | -4/Factory | Identified Exp. Hacking Suite 3846 | -4/Factory | Entered Research 3846 | -3/Research | Evolved 2 slots: Propulsion x1, Utility x1 3860 | -3/Research | Identified exit to Research 3971 | -3/Research | Build established: Wizard-Ninja 4030 | -3/Research | Fabricated Adv. Hacking Suite? 4135 | -3/Research | Spotted B-86 Titan 4170 | -3/Research | Discovered new exit (range 14) 4294 | -3/Research | Discovered new exit (range 8) 4352 | -3/Research | Build established: Wizard-Scout 4616 | -3/Research | Fabricated Exp. Hacking Suite? 4699 | -3/Research | Entered another Research area 4699 | -2/Research | Evolved 2 slots: Propulsion x1, Utility x1 4702 | -2/Research | Identified exit to Access 4905 | -2/Research | Entered Access 4905 | -1/Access | Evolved 2 slots: Utility x2 4934 | -1/Access | Lost 3 parts (1n1u1w) 5338 | -1/Access | Identified exit to Surface 5363 | -1/Access | Core integrity fell below 50% 5373 | -1/Access | Spotted B-99 Colossus 5382 | -1/Access | Core integrity fell below 20% 5395 | -1/Access | Destroyed by H-88 Terminator with KE Penetrator Last Messages --------------- 05362_ Penetrated by Slug. 05365_ Adv. Trap Scanner destroyed. 05365_ Penetrated by Slug. 05365_ Adv. Hacking Suite destroyed. 05366_ Penetrated by Slug. 05369_ Slug penetrates H-88 Terminator. 05369_ H-88 Terminator suffers critical hit (Destroy). 05370_ Slug penetrates Wall. 05374_ Slug penetrates R-10 Processor. 05374_ Penetrated by Slug. 05374_ Hacking Suite destroyed. 05375_ Slug penetrates Wall. 05376_ P-80 Master resets R-10 Processor, system corruption cleaned. 05388_ Penetrated by Slug. 05388_ Slug penetrates Wall. 05389_ Penetrated by Slug. 05392_ Adv. Hacking Suite destroyed. 05395_ Penetrated by Slug. Map ----- +----------------------------------------------------+ | ????????????????# ## # | | ????????????????# =! ## # | | ????????????????# ###!! ## ! # | | ????????????????? ??????# ## # | | ????????????????????????# ! #####+# | | ????????????????????????# ##???# | | ????????????????????????# !== #????##### | | ????????????????????????# === #????????? | | ????????????????????????# ==s + ???????? | | ????????????????????????# # ???????? | | ????????????????????????# #????????? | | ????????????????????????# #????????? | | ????????????????????????# ##### ###????????? | | ????????????????????????# #???? #??????????? | | ????????????????????????# #????????????????? | | ????????????????????????# ^ #????????????????? | | ????????????????????????# #????????????????? | | ?????????g??????????????# #????????????????? | | ????????????????????????# #????????????????? | | ????????????????????????# #????????????????? | | ????????????????????????# #????????????????? | | ????????????????????????# h #????????????????? | | ?????????g??????????????# k#????????????????? | | ????????????????????????# #????????????????? | | ????????????????????????# #????????????????? | | ????????????????????????#@ h #????????????????? | | ????????????????????????# #????????????????? | | ????????????????????????# #????????????????? | | ????????????????????????# #????????????????? | | ????????????????????????# k +????????????????? | | ???????????????????????? #????????????????? | | ???????????????????????? * #????????????????? | | ???????????????????????? ] #????????????????? | | ???????????????????????? #????????????????? | | ???????????????????????? ????????????????? | | ???????????????????????? #???????????????? | | ???????????????????????? k #???????????????? | | ???????????????????????? #???????????????? | | ???????????????????????? ????????????????? | | ???????????????????????? ???????????????????? | | ???????????????????????? !?????????????????????? | | ?????????????????????????????????????????????????? | | ?????????????????????????????????????????????????? | | ?????????????????????????????????????????????????? | | ?????????????????????????????????????????????????? | | ?????????????????????????????????????????????????? | | ?????????????????????????????????????????????????? | | ?????????????????????????????????????????????????? | | ?????????????????????????????????????????????????? | | ?????????????????????????????????????????????????? | +----------------------------------------------------+ Best States ------------- Heat Dissipation 52 Energy Generation 36 Energy Capacity 525 Matter Stores 300 Matter Capacity 300 Sight Range 16 Terrain Scan Range 16 Terrain Scan Density 210 Jamming Range 14 Evasion (%) 65 Offensive Hacking 108 Defensive Hacking 12 Item Schematics ----------------- Hacking Suite | -6/Factory | Scanalyzed Imp. Transmission Jammer | -5/Factory | Scanalyzed Imp. System Shield | -5/Factory | Hacked Imp. Hacking Suite | -5/Factory | Hacked Adv. Hacking Suite | -5/Factory | Hacked Exp. Hacking Suite | -3/Research | Hacked Exp. System Shield | -3/Research | Hacked Enh. Nova Cannon | -2/Research | Hacked Robot Schematics ------------------ None Fabricated ------------ Hacking Suite | x1 | -6/Factory Hacking Suite | x1 | -6/Factory Hacking Suite | x1 | -5/Factory Hacking Suite | x1 | -5/Factory Imp. System Shield | x1 | -5/Factory Adv. Hacking Suite | x1 | -4/Factory Adv. Hacking Suite | x1 | -4/Factory Adv. Hacking Suite | x1 | -4/Factory Adv. Hacking Suite | x1 | -3/Research Exp. Hacking Suite | x1 | -3/Research Alien Tech Used ----------------- None Achievements -------------- Maximum Efficiency l33t h4x0r Challenges ------------ None Game ------ Seed TitaniumDisruptionBank Manual? 0 Play Time 03:16:19 Cumulative 99.5 hours Start 2025.05.03 @ 22:47:20 End 2025.05.04 @ 02:28:26 Sessions 1 Manual Loads 0 Difficulty Rogue Special Mode None Game No. 55 Rogue 3 Adventurer 16 Explorer 36 Win Type - Total 5 Types 3/0/1/1/0/0/0/0/0 Lore% 51 Gallery% 51 Achievement% 49 Wizard Run 0 Options --------- Layout 1 ASCII 0 Keyboard 0 Movement Numpad Keybinds 0 Fullscreen 1 Font 20/SmallcapsGlow Map View 50x35 Zoom Use 0% Tactical HUD 1 Map Filters NONE Filters NONE Steam 1 RUN: 6308bcbc-647b-4662-bffb-38909baa82cd